Map: Terraform LE (Void)

Players

Deagor - Winner!

  • Race: Terran Terran
  • League: Silver

Chaka

  • Race: Terran Terran
  • League: Silver

VOD

Have the link to the VOD?

Description

Time

  • Played on: Aug. 10, 2015, 9:01 p.m.
  • Length: 29:37
Show
View Real Time Build Order
Export as new Build Order

Deagor Terran - Winner!

Build Orders: MMM Bio 

Get SALT Encoding   

  12  0:01  SCV  
  13  0:13  SCV  
  14  0:17  Supply Depot  
  14  0:29  SCV  
  15  0:40  Barracks  
  15  0:41  SCV  
  16  0:46  Refinery  
  16  0:53  SCV  
  17  1:05  SCV  
  18  1:18  SCV  
  19  1:36  Marine  
  20  1:40  Supply Depot  
  20  1:42  Orbital Command  
  20  1:43  Barracks  
  19  1:55  Marine  
  20  2:02  Factory  
  20  2:09  SCV  
  21  2:16  Barracks Reactor  
  21  2:22  Barracks  
  21  2:30  Marine  
  21  2:34  SCV  
  23  2:47  Command Center  
  23  2:51  Widow Mine  
  23  2:54  Marine x3  
  28  2:59  SCV  
  29  3:09  Marine  
  30  3:15  Barracks Tech Lab  
  30  3:23  Supply Depot  
  30  3:34  Marine  
  30  3:36  Stimpack  
  31  3:42  Barracks Reactor  
  31  3:44  Marine  
  31  3:47  Refinery  
  32  3:49  Supply Depot, Marine  
  32  3:50  SCV  
  32  3:54  Marine  
  35  4:05  Starport  
  35  4:17  Marine x2  
  35  4:18  Marine, Marauder  
  35  4:20  SCV, Bunker  
  41  4:30  Orbital Command  
  41  4:57  Marine  
  41  4:58  Marine x3  
  41  4:59  Marine  
  44  5:04  SCV x2  
  46  5:16  Engineering Bay  
  46  5:18  Engineering Bay  
  46  5:22  SCV x2  
  48  5:30  Medivac  
  48  5:33  Marine x4  
  48  5:35  Marauder  
  56  5:37  Combat Shields  
  56  5:44  SCV x2  
  56  5:47  Terran Infantry Weapons Level 1  
  56  5:48  Terran Infantry Armor Level 1  
  58  5:59  Missile Turret  
  58  6:00  Missile Turret  
  58  6:02  SCV, Refinery  
  58  6:03  SCV, Refinery  
  60  6:10  Marine  
  60  6:11  Command Center, Marine  
  62  6:31  Supply Depot x2  
  62  6:52  Marine x3  
  62  6:53  SCV x2  
  55  7:41  SCV x3  
  47  7:47  Marine x4  
  47  7:48  Marine  
  40  8:05  SCV x3  
  39  8:21  Orbital Command  
  39  8:23  SCV x2  
  41  8:29  Marine x2  
  41  8:30  Marine x2  
  41  8:31  Marauder  
  41  8:32  Command Center, Factory Tech Lab  
  41  8:33  Starport Reactor  
  47  8:35  SCV  
  48  8:52  SCV  
  48  8:53  SCV x2  
  51  9:06  Siege Tank  
  51  9:07  Armory  
  54  9:10  Medivac x2  
  54  9:12  SCV x3  
  61  9:17  Marine x4  
  61  9:19  Marauder  
  61  9:22  Concussive Shells  
  67  9:38  Missile Turret  
  67  10:05  Marine  
  67  10:06  Marine x4  
  72  10:13  Barracks  
  72  10:14  Barracks  
  72  10:16  Barracks  
  72  10:19  Terran Vehicle Weapons Level 1  
  72  10:20  Terran Infantry Weapons Level 2, Terran Infantry Armor Level 2  
  72  10:23  Marine x3  
  72  10:24  Marine x2  
  72  10:25  Siege Tank  
  72  10:26  Medivac x2  
  84  10:34  SCV x2  
  86  10:36  SCV  
  87  10:53  Orbital Command  
  87  10:57  Marine  
  87  10:58  Marine x3  
  87  10:59  Marauder  
  87  11:01  Medivac  
  87  11:03  SCV  
  96  11:05  SCV  
  97  11:13  SCV  
  97  11:17  Marine  
  97  11:18  Marine x3  
  101  11:20  Barracks Reactor  
  101  11:21  Barracks Reactor  
  101  11:23  SCV x2  
  101  11:24  SCV  
  105  11:27  SCV  
  106  11:32  Supply Depot  
  106  11:40  Marine x2  
  106  11:42  Supply Depot  
  106  11:47  Barracks Reactor  
  108  11:54  Marauder, Siege Tank, Marine x2  
  115  12:11  Marine x4  
  115  12:12  Marine x3  
  115  12:13  Marine  
  115  12:15  Marine  
  124  12:39  SCV x3, Viking x2, Siege Tank  
  104  12:46  Marine x4  
  104  12:47  Marine x4  
  104  12:48  Marine  
  104  12:49  Marauder  
  115  12:58  Supply Depot  
  115  13:03  SCV x4  
  114  13:55  Siege Tank  
  117  13:56  Viking x2, Marine  
  117  13:57  Marine x5  
  117  13:58  Marine x4  
  131  14:03  Orbital Command  
  131  14:07  SCV  
  132  14:18  Supply Depot  
  132  14:19  Supply Depot  
  132  14:22  Supply Depot  
  132  14:39  SCV, Marine x5  
  132  14:40  Marauder  
  132  14:41  SCV, Marine x5  
  146  14:58  Terran Infantry Weapons Level 3  
  146  14:59  Terran Infantry Armor Level 3  
  146  15:00  Terran Vehicle Weapons Level 2  
  146  15:01  Marauder  
  146  15:02  Supply Depot  
  146  15:03  Supply Depot  
  146  15:05  Supply Depot  
  148  15:07  Barracks  
  148  15:08  Barracks  
  148  15:12  Barracks  
  148  15:23  Medivac x2  
  148  15:24  Siege Tank  
  155  15:32  Marine  
  155  15:33  Marine x5  
  155  15:34  Marine x4  
  155  15:35  Marine  
  156  16:01  Marine  
  156  16:02  Marine x10  
  167  16:06  Barracks Tech Lab x2  
  167  16:14  Barracks Tech Lab  
  167  16:18  Command Center  
  129  17:38  Marine x14  
  137  17:55  Marine  
  137  17:56  Marine x9  
  147  17:59  Marine  
  147  18:01  Marauder x3  
  147  18:03  SCV x3  
  149  18:24  Marine x3  
  149  18:25  Marauder, Marine x7  
  149  18:26  Marauder x3  
  154  18:33  Medivac x2  
  157  18:34  Siege Tank  
  157  18:51  Marine x3  
  157  18:52  Marine x2  
  157  18:53  Marine x3, Marauder x3  
  157  18:54  Marine x3  
  174  18:59  Hi-Sec Auto Tracking  
  174  19:01  Terran Vehicle Weapons Level 3  
  174  19:06  Supply Depot  
  171  19:36  Marine x12  
  171  19:37  Marine x2  
  88  19:51  Siege Tank  
  88  19:52  Medivac x2  
  84  19:53  Marine  
  84  19:54  Marine x8  
  84  19:59  Marine x2  
  85  20:00  Marine x2  
  85  20:01  Marauder  
  88  20:11  Marine  
  88  20:12  Marine  
  90  20:18  Marauder  
  90  20:20  Marine  
  90  20:21  Marine x2  
  77  20:22  Marauder x3  
  79  20:32  Orbital Command  
  79  21:01  Marine x9  
  79  21:02  Marauder x2  
  79  21:03  Marauder, Marine  
  97  21:04  Marauder  
  97  21:16  Siege Tank  
  97  21:17  Medivac x2  
  104  21:19  Marine x4  
  108  21:36  Marine x5  
  108  21:37  Marine x3  
  108  21:38  Marauder x4  
  115  21:48  Marine  
  115  21:49  Marine  
  115  21:53  Marine  
  115  21:54  Marine x4  
  118  22:12  Marine  
  118  22:13  Marine x5  
  118  22:14  Marine x4  
  132  22:15  Marauder x2  
  132  22:17  Orbital Command  
  132  22:23  SCV x2  
  132  22:28  Orbital Command  
  134  22:35  SCV  
  134  22:36  Marine x3  
  134  22:37  Marine x5  
  143  22:59  Marine x6  
  143  23:00  Marine x5  
  143  23:01  Marauder  
  143  23:02  Marauder x2  
  160  23:26  Marine x4  
  160  23:27  Marine x6  
  164  23:28  Marine x3  
  164  23:29  Marauder  
  175  23:35  Command Center  
  175  23:44  Marine x2  
  175  23:46  Marauder  
  179  24:07  Marine, Marauder x2  
  179  24:08  Marine x2, Marauder  
  188  24:25  Supply Depot  
  188  24:27  Supply Depot  
  188  24:29  Supply Depot  
  188  24:30  Refinery  
  188  24:31  Refinery  
  188  24:46  SCV, Marauder, Marine x5  
  188  24:47  SCV x2, Marine x2  
  200  24:53  Marine x3  
  200  24:54  Marine  
  200  24:55  SCV, Marauder  
  200  24:58  SCV  
  200  24:59  SCV x2  
  167  25:07  SCV  
  167  25:08  Marine x9  
  167  25:10  Marine x2  
  167  25:13  Marine  
  167  25:14  Marine  
  169  25:16  Marine  
  164  26:02  Viking x2  
  165  26:08  Marine x5  
  165  26:09  Marine x5  
  165  26:10  Marine x2  
  180  26:11  Marauder x2  
  180  26:17  Starport  
  179  26:21  Starport x2  
  179  26:22  Orbital Command  
  179  26:39  Marine x3  
  181  26:40  Marine x5  
  181  26:41  Marine x3  
  181  26:42  Marauder x3  
  196  26:51  Viking x2  
  198  27:04  Medivac x2  
  198  27:19  Command Center  
  198  27:34  Viking  
  200  27:42  Orbital Command  
  200  27:46  Refinery x2  
  171  28:25  Marine  
  171  28:26  Marine x13  
  139  28:43  Marine  
  139  28:44  Marine x13  
  139  28:46  Viking x2  
  139  28:48  Viking x3  
  159  28:50  Siege Tank  
  166  28:56  SCV x2  
  166  28:57  SCV x3  
  166  29:01  Marine  
  166  29:02  Marine x2  
  174  29:08  SCV  
Show
View Real Time Build Order
Export as new Build Order

Chaka Terran 

Build Orders: 1/1/1, Mech, Siege Tank Drop 

Get SALT Encoding   

  12  0:01  SCV  
  13  0:14  SCV  
  14  0:22  Supply Depot  
  14  0:26  SCV  
  15  0:29  Refinery  
  15  0:43  SCV  
  15  0:46  Barracks  
  16  0:55  SCV  
  17  1:00  Refinery  
  17  1:07  SCV  
  18  1:21  SCV  
  19  1:33  Marine  
  19  1:36  Orbital Command  
  20  1:40  Factory  
  20  1:52  Marine  
  21  2:01  SCV  
  22  2:12  Marine  
  22  2:13  Supply Depot  
  23  2:26  Factory Tech Lab, Starport  
  23  2:33  Factory  
  23  2:34  SCV  
  24  2:44  Supply Depot  
  24  2:47  Engineering Bay  
  24  2:48  Marine  
  25  2:56  Siege Tank  
  28  3:01  SCV  
  29  3:07  Marine  
  29  3:11  Medivac  
  32  3:15  SCV  
  32  3:19  Factory Reactor  
  33  3:28  Infernal Pre-Igniter  
  33  3:32  Marine  
  34  3:37  Supply Depot  
  34  3:52  Starport Reactor  
  34  3:56  Hellion  
  34  3:57  Marine  
  37  4:07  Armory  
  37  4:14  Hellion x2  
  41  4:27  Command Center  
  41  4:55  Marine  
  33  5:08  Hellion x2  
  33  5:09  Supply Depot  
  33  5:10  Medivac x2  
  33  5:13  SCV  
  44  5:19  Terran Vehicle And Ship Armor Level 1  
  44  5:22  Siege Tank  
  45  5:30  Supply Depot  
  45  5:36  Supply Depot  
  45  5:38  SCV  
  45  5:40  Orbital Command  
  46  5:47  Medivac  
  48  5:50  Hellion  
  48  5:53  Widow Mine  
  52  6:02  Orbital Command  
  52  6:13  Bunker  
  52  6:31  Marine  
  53  6:33  Siege Tank  
  53  6:34  Hellion x2, Medivac  
  53  6:38  SCV, Medivac  
  65  6:49  SCV  
  65  6:51  SCV  
  61  7:42  Marine  
  51  8:00  Marine  
  48  8:17  Marine  
  45  8:26  SCV x2  
  47  8:34  Siege Tank  
  47  8:35  Hellion x2, Medivac x2  
  47  8:37  Missile Turret  
  47  8:38  SCV  
  47  8:39  Missile Turret  
  47  8:41  Armory  
  59  8:46  Factory  
  59  8:49  Factory  
  59  8:56  Missile Turret  
  59  8:57  SCV x2, Missile Turret  
  59  9:02  Missile Turret  
  61  9:06  Missile Turret  
  61  9:07  Missile Turret  
  61  9:09  SCV  
  62  9:12  Hellion, Hellbat  
  62  9:13  Thor  
  72  9:18  SCV  
  72  9:21  SCV  
  72  9:22  Refinery  
  72  9:23  Refinery  
  74  9:30  SCV  
  75  9:33  SCV  
  75  9:35  Factory Tech Lab x2  
  76  9:39  Hellbat x2  
  80  9:53  SCV x2  
  82  10:04  Hellbat x3  
  86  10:10  Supply Depot  
  86  10:11  Terran Vehicle And Ship Armor Level 2, Supply Depot  
  86  10:13  Supply Depot  
  86  10:14  Supply Depot  
  86  10:16  Supply Depot  
  86  10:27  Sensor Tower  
  86  10:32  Thor, SCV x2  
  86  10:33  Hellion, Hellbat x2  
  86  10:34  Hellbat  
  102  10:37  Terran Vehicle Weapons Level 1  
  102  10:44  SCV x2, Drilling Claws  
  104  11:00  SCV  
  105  11:06  Command Center  
  106  11:13  SCV  
  106  11:22  Supply Depot  
  106  11:23  Supply Depot  
  106  11:24  Supply Depot  
  106  11:27  Supply Depot  
  106  11:29  Supply Depot  
  112  11:44  Thor  
  112  11:46  Thor  
  118  11:51  Liberator  
  118  11:54  Liberator  
  118  11:55  Thor  
  118  11:57  SCV  
  125  12:06  Hellbat x2  
  135  12:22  Orbital Command  
  135  12:28  Sensor Tower  
  135  12:43  Thor  
  141  12:45  Hellbat x2  
  141  12:48  Hellbat  
  147  12:54  Refinery  
  147  13:08  Refinery  
  147  13:10  Supply Depot  
  147  13:11  Supply Depot x2  
  147  13:15  SCV x3  
  147  13:17  Missile Turret  
  147  13:18  Missile Turret  
  150  13:27  SCV  
  149  13:54  Siege Tank  
  149  13:55  Siege Tank x2  
  158  13:56  Hellbat  
  158  13:57  Hellbat  
  162  14:10  Terran Vehicle And Ship Armor Level 3  
  162  14:11  Terran Vehicle Weapons Level 2  
  162  14:23  Hellbat x2  
  166  14:38  Command Center  
  166  14:49  Siege Tank x3  
  166  14:50  Command Center  
  166  14:52  Hellbat  
  177  14:56  Viking  
  177  14:59  Command Center  
  179  15:00  Viking  
  181  15:13  Hellbat  
  183  15:17  Building Armor  
  183  15:19  SCV  
  183  15:20  SCV x2  
  186  15:24  Refinery  
  186  15:27  Refinery  
  186  15:35  Siege Tank x2  
  192  15:37  Hellbat x2  
  188  16:02  Siege Tank  
  191  16:08  SCV  
  191  16:09  SCV x2  
  191  16:10  Siege Tank x2  
  200  16:21  Command Center  
  200  16:22  Refinery  
  200  16:26  Planetary Fortress  
  200  16:34  Refinery  
  200  16:42  Command Center, Sensor Tower  
  200  16:50  Siege Tank  
  197  17:10  Siege Tank  
  197  17:11  Siege Tank  
  190  17:37  Siege Tank  
  190  17:38  Hellbat x2  
  197  18:02  Hellbat  
  143  18:37  Viking x2  
  147  18:43  Orbital Command  
  147  18:45  Planetary Fortress  
  147  19:07  Viking x2  
  151  19:14  Starport  
  151  19:15  Orbital Command  
  151  19:16  Starport  
  145  19:37  Viking x2  
  124  19:50  Siege Tank x3  
  122  20:08  Hellbat x2  
  126  20:19  Liberator x2  
  102  20:22  Siege Tank  
  102  20:25  Hellbat x2  
  97  20:37  Terran Vehicle Weapons Level 3  
  97  20:39  Terran Ship Weapons Level 1  
  97  20:41  Starport Tech Lab  
  103  20:43  Starport  
  103  20:47  Factory  
  103  20:53  Factory  
  103  20:54  Factory  
  103  20:55  Factory x2  
  103  20:56  Starport Tech Lab  
  103  21:00  Siege Tank x2  
  103  21:01  Siege Tank, Hellbat x2  
  116  21:04  SCV x2  
  118  21:13  Sensor Tower  
  114  21:44  Siege Tank  
  114  21:45  Siege Tank x2  
  114  21:46  Hellbat x2  
  127  21:55  Raven x2  
  127  21:57  Viking x2  
  127  22:00  Refinery  
  127  22:01  Refinery  
  126  22:16  Factory Tech Lab x5  
  126  22:36  Thor  
  132  22:37  Thor  
  138  22:55  Hellbat  
  138  22:56  Thor, Hellbat  
  138  22:57  Hellbat x4  
  138  22:58  Hellbat  
  158  23:00  Command Center  
  158  23:05  Command Center  
  158  23:12  Command Center  
  158  23:16  Refinery  
  158  23:24  Fusion Core  
  158  23:32  Siege Tank  
  158  23:33  Siege Tank x2  
  164  23:34  Siege Tank  
  164  23:36  Hellbat x2  
  171  23:41  Terran Ship Weapons Level 2  
  171  23:54  Hellbat x3  
  171  23:55  Hellbat  
  179  23:57  Hellbat x2  
  183  24:10  Siege Tank x3  
  192  24:39  Battlecruiser  
  192  24:43  Hellbat  
  102  25:08  Thor x2, Hellbat x2  
  102  25:09  Thor x2  
  107  25:19  Orbital Command  
  107  25:21  Refinery  
  107  25:24  Liberator  
  107  25:25  Liberator  
  105  25:58  Hellbat x2  
  108  26:09  Hellbat x2  
  108  26:10  Hellbat  
  112  26:14  Factory  
  112  26:16  Factory x2  
  112  26:18  Factory x2  
  112  26:19  Factory  
  108  26:28  Liberator  
  103  26:41  Hellbat x2  
  103  26:42  Hellbat x2  
  115  27:01  Factory Reactor  
  115  27:05  Factory Reactor  
  115  27:06  Hellbat x3  
  115  27:07  Hellbat x5  
  115  27:08  Factory Reactor  
  129  27:27  Hellbat  
  129  27:28  Hellbat x2  
  135  27:35  Hellbat x2  
  135  27:36  Hellbat x3  
  145  27:38  Viking x2  
  149  27:45  Hellbat x2  
  149  27:46  Hellbat x2  
  149  27:49  Hellbat  
  159  27:57  Factory Tech Lab x3  
  157  28:08  Viking  
  100  28:25  Hellbat  
  100  28:26  Hellbat x5  
  91  28:36  Hellbat  
  59  28:47  Hellbat  
  55  28:53  Hellbat x2  
  38  29:03  Hellbat x2  
Tags
 
Add a new tag
Caveats
  • Supply blocks, unpowered buildings, or Contaminate may cause inaccurate times.
  • Supply counts are checked every 10 seconds.